 Dungeon Crawl Stone Soup version 0.20.1-1-g8b1a95d (webtiles) character file.

86 equalderp2856 the Skirmisher (level 4, -1/35 HPs)
             Began as a Mummy Fighter on Oct 25, 2017.
             Slain by an adder (2 damage)
             ... on level 2 of the Dungeon.
             The game lasted 00:02:05 (1723 turns).

equalderp2856 the Skirmisher (Mummy Fighter)        Turns: 1723, Time: 00:02:06

Health: -1/35      AC:  6    Str: 19    XL:     4   Next: 27%
Magic:  4/4        EV:  7    Int:  8    God:
Gold:   95         SH:  9    Dex: 11    Spells: 3/3 levels left

rFire    x . .     SeeInvis .   a - +0 war axe
rCold    + . .     Gourm    .   c - +0 shield
rNeg     + + +     Faith    .   b - +0 scale mail
rPois    ∞         Spirit   .   (no helmet)
rElec    .         Reflect  .   (no cloak)
rCorr    .         Harm     .   (no gloves)
MR       .....                  (no boots)
Stlth    ..........             (no amulet)
Regen    0.2/turn               (no ring)
MPRegen  0.1/turn               (no ring)

@: no status effects
A: no food or potions, fire vulnerability, cold resistance 1, negative energy
resistance 3, torment resistance, unbreathing
a: no special abilities


You were on level 2 of the Dungeon.
You were not hungry.

You visited 1 branch of the dungeon, and saw 3 of its levels.

You collected 95 gold pieces.

Inventory:

Hand Weapons
 a - a +0 war axe (weapon)
Armour
 b - a +0 scale mail (worn)
 c - a +0 shield (worn)
Jewellery
 g - an uncursed ring of ice
Scrolls
 d - a scroll of enchant weapon {unknown}
 e - a scroll of fear {unknown}
 f - 3 scrolls of remove curse {unknown}
 h - a scroll of recharging {unknown}
 i - a scroll of amnesia {unknown}
 j - 2 scrolls of teleportation {unknown}


   Skills:
 + Level 3.5 Fighting
 + Level 2.6 Axes
 + Level 2.7 Armour
 + Level 0.1 Dodging
 + Level 2.9 Shields


You had 3 spell levels left.
You didn't know any spells.

Dungeon Overview and Level Annotations

Branches:
Dungeon (3/15)

Altars:
Fedhas
Makhleb

Annotations:
D:2 exclusion: oklob plant


Innate Abilities, Weirdness & Mutations

You do not eat or drink.
Your flesh is vulnerable to fire.
You are immune to poison.
Your flesh is cold resistant. (rC+)
You are immune to negative energy. (rN+++)
You are immune to unholy pain and torment.
You can survive without breathing.


Message History

The adder is moderately wounded.
You block the adder's attack. x2
You hit the adder.
The adder is moderately wounded.
The adder bites you but does no damage. The adder barely misses you.
You barely miss the adder.
The adder is moderately wounded.
You block the adder's attack.
You hit the adder.
The adder is almost dead.
The adder bites you.
* * * LOW HITPOINT WARNING * * *
You block the adder's attack. The adder barely misses you.
You barely miss the adder.
The adder is almost dead.
You block the adder's attack.
You miss the adder.
The adder is almost dead.
The adder bites you.
You die...

....#######.###..##......#
###### ....#
#...##.##......# #.....
....#
###.##.##......###.####
....# #....##..........#
....# ###..##....#######
###.# #.....#### #.#
##.....# #.##
######......# #..#
##......#@...# ##.#
#..#######S..# #.###.##
#...# #.....# #...#
#..#### #...# #### #...#
#####


You could see an adder.

Vanquished Creatures
  2 gnolls (D:1)
  2 adders (D:2)
  An ooze (D:2)
  A worm (D:2)
  A dart slug (D:2)
  A leopard gecko (D:2)
  An orc (D:3)
  4 goblins
  3 hobgoblins (D:1)
  4 jackals (D:1)
  7 kobolds
  A ball python (D:2)
  4 bats (D:1)
  6 frilled lizards
  3 rats (D:2)
41 creatures vanquished.

Notes
Turn   | Place    | Note
-------+----------+-------------------------------------------
     0 | D:1      | equalderp2856 the Mummy Fighter began the quest for the Orb.
     0 | D:1      | Reached XP level 1. HP: 18/18 MP: 1/1
    40 | D:1      | Reached XP level 2. HP: 15/24 MP: 2/2
   103 | D:1      | You fall through a shaft!
   103 | D:2      | Found a blossoming altar of Fedhas.
   369 | D:2      | Noticed an oklob plant
   438 | D:2      | Reached XP level 3. HP: 29/29 MP: 3/3
   712 | D:2      | Reached XP level 4. HP: 34/35 MP: 4/4
  1674 | D:3      | Found a faded altar of an unknown god.
  1676 | D:3      | Found a burning altar of Makhleb.
  1721 | D:2      | HP: 1/35 [adder (2)]
  1723 | D:2      | Slain by an adder

Skill      XL: |  1  2  3 |
---------------+----------+-----
Axes           | 2 |  2.6
Fighting       | |  3.5
Armour         | |  2.7
Dodging        | |  0.1
Shields        | |  2.9

Action                   |  1- 3 |  4- 6 || total
-------------------------+-------+-------++-------
Melee: War axe           |    84 |    66 ||   150
Armor: Scale mail        |    31 |    34 ||    65
Dodge: Dodged            |    25 |    27 ||    52
Block: Shield            |    40 |    48 ||    88
